 Dungeon Crawl Stone Soup version 0.30-a0-371-gad7725a93e (webtiles) character file.

Game seed: 14866410476415478435

866 Hubris850 the Insei (level 8, -4/58 HPs)
             Began as a Merfolk Gladiator on Nov 21, 2022.
             Slain by a wraith (11 damage)
             ... on level 5 of the Dungeon.
             The game lasted 00:12:37 (4221 turns).

Hubris850 the Insei (Merfolk Gladiator)             Turns: 4221, Time: 00:12:37

Health: -4/58      AC: 10    Str: 13    XL:     8   Next: 3%
Magic:  12/12      EV: 12    Int: 13    God:
Gold:   23         SH:  0    Dex: 15    Spells: 9/12 levels left

rFire   + . .      SeeInvis .      - Unarmed
rCold   . . .      Faith    .    (no shield)
rNeg    . . .      Spirit   .    g - +0 ring mail
rPois   .          Reflect  .    m - +2 helmet
rElec   .          Harm     .    o - +0 cloak
rCorr   .          Rampage  .    (no gloves)
Will    .....      Clarity  +    v - +0 pair of boots
Stlth   +.........               (no amulet)
HPRegen 0.29/turn                (no ring)
MPRegen 0.13/turn                (no ring)

@: slowed, unable to read, very slow
A: (nimble swimmer 2), mertail, clarity, clever 1, fire resistance 1, inability
to read after injury 1
a: no special abilities


You were on level 5 of the Dungeon.
You visited 1 branch of the dungeon, and saw 5 of its levels.

You collected 200 gold pieces.
You spent 177 gold pieces at shops.

Inventory:

Hand Weapons
 f - a +0 dagger
 t - a +4 quarterstaff of chaos
Missiles
 c - 3 throwing nets
 d - 5 javelins
 p - 5 poisoned darts (quivered)
Armour
 a - a +0 leather armour
 b - a +0 helmet
 g - a +0 ring mail (worn)
 m - a +2 helmet (worn)
 o - a +0 cloak (worn)
 v - a +0 pair of boots (worn)
Scrolls
 e - 2 scrolls of poison {unknown}
 h - a scroll of noise {unknown}
 i - 2 scrolls of identify {unknown}
 k - 2 scrolls of vulnerability {unknown}
 l - a scroll of enchant weapon {unknown}
 q - 2 scrolls of teleportation
 r - a scroll of fog {unknown}
 u - a scroll of blinking {unknown}
Potions
 j - 2 potions of resistance
 n - a potion of might {unknown}
 s - a potion of ambrosia {unknown}


   Skills:
 - Level 3.0 Fighting
 - Level 4.0 Throwing
 - Level 4.0 Dodging
 + Level 7.6 Unarmed Combat
 + Level 2.7 Spellcasting
 + Level 3.2 Ice Magic


You had 9 spell levels left.
You knew the following spells:

 Your Spells              Type           Power      Damage    Failure   Level
a - Frozen Ramparts       Ice            20%        1d4       38%         3

Your spell library contained the following spells:

 Spells                   Type           Power      Damage    Failure   Level
 Freeze                   Ice            40%        1d6       14%         1
 Ozocubu's Armour         Ice            10%        N/A       38%         3
 Beastly Appendage        Tmut           2%         N/A       45%         1
 Wereblood                Tmut           1%         N/A       61%         2
 Hailstorm                Conj/Ice       6%         3d4       63%         3
 Dazzling Flash           Conj/Hex       2%         N/A       83%         3
 Spider Form              Tmut/Pois      1%         N/A       83%         3
 Agony                    Necr           1%         N/A       100%        5
 Silence                  Hex/Air        0%         N/A       100%        5
 Ozocubu's Refrigeration  Ice            5%         4d8       100%        7


Dungeon Overview and Level Annotations

Branches:
Dungeon (5/15)
 Temple: D:4-7

Altars:
Cheibriados
Gozag
Ru

Shops:
D:4 [(*:


Innate Abilities, Weirdness & Mutations

((You are very nimble when in or above water. (Stealth+, EV+, Speed+++)))
Your lower body shifts to a powerful aquatic tail in water.
You possess an exceptional clarity of mind.
Your mind is acute. (Int +4, Str/Dex -1)
Your flesh is heat resistant. (rF+)
You occasionally lose the ability to read scrolls when taking damage.


Message History

You feel as though you will be slow longer.
The wraith completely misses you.
You hit the wraith but do no damage. Your punch misses the wraith.
The wraith is heavily damaged.
The wraith hits you but does no damage.
You hit the wraith.
The wraith is heavily damaged.
The wraith hits you but does no damage.
You hit the wraith.
The wraith is heavily damaged.
The wraith hits you but does no damage. x2
You barely miss the wraith. Your punch misses the wraith.
The wraith is heavily damaged.
The wraith misses you.
You closely miss the wraith.
The wraith is heavily damaged.
The wraith hits you.
* * * LOW HITPOINT WARNING * * *
The wraith drains your vigour!
You feel as though you will be slow longer.
You closely miss the wraith.
The wraith is heavily damaged.
The wraith misses you.
You closely miss the wraith.
The wraith is heavily damaged.
The wraith misses you. The wraith hits you.
* * * LOW HITPOINT WARNING * * *
You aren't carrying any items that you can evoke.
Okay, then.
You closely miss the wraith.
The wraith is heavily damaged.
The wraith hits you!
* * * LOW HITPOINT WARNING * * *
The wraith drains your vigour!
You feel as though you will be slow longer.
You hit the wraith but do no damage.
The wraith is heavily damaged.
The wraith hits you!
You feel threatened and lose the ability to read scrolls!
You die...

##....)).......#
###.###.......##
######.####.......#
.....<.........##.#
######............#
#######...#..#
#.#.#...#
#.##.##..# #.# #.
#@.# #.
#>..W....... #
####..##.... #..#
##. ..$# #..# #..#
#..#


You could see a wraith.

Vanquished Creatures
  Grinder (D:3)
  A black bear (D:4)
  2 scorpions (D:5)
  A hound (D:4)
  Crazy Yiuf (D:2)
  4 orc priests
  3 iguanas (D:4)
  An orc wizard (D:4)
  7 gnolls
  3 adders
  2 worms (D:3)
  4 dart slugs
  6 orcs
  8 bats
  4 endoplasms
  3 giant cockroaches
  9 hobgoblins
  5 kobolds
  3 quokkas
  7 ball pythons
  3 frilled lizards
  10 goblins
  3 rats
91 creatures vanquished.

Notes
Turn   | Place    | Note
-------+----------+-------------------------------------------
     0 | D:1      | Hubris850 the Merfolk Gladiator began the quest for the
                  | Orb.
     0 | D:1      | Reached XP level 1. HP: 16/16 MP: 1/1
   102 | D:1      | Found a faded altar of an unknown god.
   215 | D:1      | Reached XP level 2. HP: 23/23 MP: 2/2
   478 | D:1      | Reached XP level 3. HP: 23/28 MP: 3/3
   514 | D:1      | Reached skill level 4 in Unarmed Combat
  1090 | D:2      | Reached XP level 4. HP: 34/34 MP: 4/4
  1129 | D:2      | Learned a level 3 spell: Frozen Ramparts
  1596 | D:2      | Found a runed translucent door.
  1597 | D:2      | Noticed Crazy Yiuf
  1616 | D:2      | Killed Crazy Yiuf
  1772 | D:3      | Found a snail-covered altar of Cheibriados.
  1773 | D:3      | Found an opulent altar of Gozag.
  1773 | D:3      | Found a sacrificial altar of Ru.
  1855 | D:3      | Reached skill level 5 in Unarmed Combat
  1888 | D:3      | Reached XP level 5. HP: 32/41 MP: 5/5
  2485 | D:3      | Noticed Grinder
  2490 | D:3      | Paralysed by Grinder for 5 turns
  2502 | D:3      | Gained mutation: You occasionally lose the ability to read
                  | scrolls when taking damage. [potion of mutation]
  2502 | D:3      | Gained mutation: Your flesh is heat resistant. (rF+)
                  | [potion of mutation]
  2502 | D:3      | Gained mutation: Your mind is acute. (Int +4, Str/Dex -1)
                  | [potion of mutation]
  2502 | D:3      | Gained mutation: You possess an exceptional clarity of
                  | mind. [potion of mutation]
  2508 | D:3      | Paralysed by Grinder for 5 turns
  2522 | D:3      | Paralysed by Grinder for 5 turns
  2531 | D:3      | Killed Grinder
  2532 | D:3      | Reached skill level 6 in Unarmed Combat
  2532 | D:3      | Reached XP level 6. HP: 5/47 MP: 6/6
  2965 | D:4      | Found Fosaod's Book Shop.
  3004 | D:4      | Reached skill level 1 in Ice Magic
  3004 | D:4      | Reached XP level 7. HP: 42/52 MP: 6/8
  3275 | D:4      | Reached skill level 1 in Spellcasting
  3311 | D:4      | Reached skill level 7 in Unarmed Combat
  3665 | D:4      | Found Badghiv's Antique Armour Boutique.
  3668 | D:4      | Bought a pair of boots for 135 gold pieces
  3778 | D:4      | Found Efrit's Antique Weapon Boutique.
  3801 | D:4      | Found Unij's General Store.
  3812 | D:4      | Bought a scroll of teleportation for 42 gold pieces
  4069 | D:5      | Entered Level 5 of the Dungeon
  4152 | D:5      | Reached XP level 8. HP: 57/58 MP: 10/12
  4192 | D:5      | Noticed a wraith
  4221 | D:5      | Slain by a wraith

Illustrated notes

Levels and vault maps discovered:
D:1:      ncdulo_lavacross, layout_loops_ring,
          hellmonk_ecumenical_altar_leap_of_faith
D:2:      layout_loops_cross, hangedman_decor_clover_reticule,
          uniq_crazy_yiuf_cottage
D:3:      layout_basic, chequers_temple_overflow_statue_of_worship, uniq_grinder
D:4:      nicolae_cairo_tiling, layout_loops_ring, serial_shops,
          nicolae_stop_n_shop_1, kennysheep_mini, nicolae_shop_hallway_plus,
          shop
D:5:      layout_loops_ring, minmay_strange_pillars, grunt_ministairs_15,
          minmay_misc_feat_x, minivault_19, nicolae_kite_square_tiling_tiny,
          uniq_eustachio, uniq_ijyb

Skill      XL: |  1  2  3  4  5  6  7 |
---------------+----------------------+-----
Unarmed Combat | 4 5 6 7 |  7.6
Fighting       | 3 |  3.0
Throwing       | 3 4 |  4.0
Ice Magic      | 1 3 |  3.2
Spellcasting   | 2 |  2.7
Dodging        | |  4.0

Action                   |  1- 3 |  4- 6 |  7- 9 || total
-------------------------+-------+-------+-------++-------
Melee: Dagger            |   102 |       |       ||   102
       Unarmed           |    47 |   159 |   143 ||   349
       Punch             |     2 |    13 |     7 ||    22
Throw: Javelin           |     1 |    17 |     4 ||    22
       Throwing net      |       |     4 |       ||     4
       Dart              |       |       |     8 ||     8
  Use: Potion            |       |     7 |       ||     7
 Stab: Held in net/web   |       |     1 |       ||     1
Armor: Leather armour    |    11 |       |       ||    11
       Ring mail         |    49 |    47 |    51 ||   147
Dodge: Dodged            |   102 |    71 |    87 ||   260

Table legend: (Time is in decaauts)
 A = Elapsed time spent in this place.
 B = Non-inter-level travel time spent in this place.
 C = Inter-level travel time spent in this place.
 D = Time resting spent in this place.
 E = Time spent auto-exploring this place.
 F = Levels seen in this place.
 G = Mean time per level.
                   A        B        C        D        E       F      G
               +--------+--------+--------+--------+--------+-----+--------+
         Total |   4164 |   4055 |    109 |    498 |   2662 |   5 |  832.8 |
       Dungeon |   4164 |   4055 |    109 |    498 |   2662 |   5 |  832.8 |
               +--------+--------+--------+--------+--------+-----+--------+

Top non-repeatable levels by time:
     D:4: 1170 daAuts
     D:3: 1125 daAuts
     D:2: 862 daAuts
     D:1: 849 daAuts
     D:5: 156 daAuts
